 Dungeon Crawl Stone Soup version 0.29-a0-322-g68df515428 (webtiles) character file.

Game seed: 15274023525181247400

85 ImHallYall the Shield-Bearer (level 4, -1/38 HPs)
             Began as a Demigod Fighter on Apr 6, 2022.
             Slain by Grinder (3 damage)
             ... on level 3 of the Dungeon.
             The game lasted 00:08:48 (2406 turns).

ImHallYall the Shield-Bearer (Demigod Fighter)      Turns: 2406, Time: 00:08:49

Health: -1/38      AC: 12    Str: 17    XL:     4   Next: 5%
Magic:  6/6        EV:  4    Int: 10    God:
Gold:   128        SH:  5    Dex: 17    Spells: 3/3 levels left

rFire   . . .      SeeInvis .   a - +0 long sword
rCold   . . .      Faith    .   c - +0 buckler
rNeg    . . .      Spirit   .   j - +1 plate armour
rPois   .          Reflect  .   (no helmet)
rElec   .          Harm     .   m - scarf {shadows}
rCorr   .          Rampage  .   (no gloves)
Will    .....                   (no boots)
Stlth   ..........              (no amulet)
HPRegen 0.12/turn               (no ring)
MPRegen 0.10/turn               (no ring)

@: no status effects
A: high MP 1, forlorn, divine attributes
a: no special abilities


You were on level 3 of the Dungeon.
You visited 1 branch of the dungeon, and saw 3 of its levels.

You collected 128 gold pieces.

Inventory:

Hand Weapons
 a - a +0 long sword (weapon)
 h - a +0 dagger
 i - a +0 spear
 o - a +0 short sword
 q - a +0 mace
Armour
 b - a +0 scale mail
 c - a +0 buckler (worn)
 g - a +0 chain mail
 j - a +1 plate armour (worn)
 m - a scarf of shadows (worn)
 p - a +0 cloak
 s - a +0 scale mail
Jewellery
 k - a ring of protection from cold
Wands
 v - a wand of flame (4)
Scrolls
 n - 2 scrolls of noise
 t - 2 scrolls of torment
Potions
 d - a potion of might
 e - a potion of degeneration {unknown}
 f - a potion of curing {unknown}
 l - a potion of resistance {unknown}
 u - 2 potions of heal wounds {unknown}


   Skills:
 + Level 3.0 Fighting
 + Level 2.6 Long Blades
 + Level 3.2 Armour
 + Level 0.4 Dodging
 + Level 3.4 Shields


You had 3 spell levels left.
You didn't know any spells.
Your spell library was empty.

Dungeon Overview and Level Annotations

Branches:
Dungeon (3/15)

Annotations:
D:3 Grinder


Innate Abilities, Weirdness & Mutations

You have an increased reservoir of magic. (+10% MP)
You shall have no god before yourself.
Your divine heritage dramatically boosts your attributes as you level up.


Message History

Unknown command.
Grinder hits you but does no damage.
You hit Grinder.
Grinder is lightly wounded.
Grinder blinks!
Grinder attacks as you move away! Grinder barely misses you.
You hit Grinder but do no damage.
Grinder is lightly wounded.
Grinder hits you but does no damage.
You closely miss Grinder.
Grinder is lightly wounded.
Grinder barely misses you.
You hit Grinder.
Grinder is lightly wounded.
Grinder hits you but does no damage. Grinder gestures at you.
You barely resist. You barely miss Grinder.
Grinder is lightly wounded.
Grinder hits you.
You writhe in agony.
You hit Grinder.
Grinder is lightly wounded.
Grinder gestures at you.
You suddenly lose the ability to move!
Grinder hits you.
You writhe in agony.
Grinder gestures at you. Pain shoots through your body!
* * * LOW HITPOINT WARNING * * *
You can move again.
You hit Grinder.
Grinder is moderately wounded.
Grinder gestures at you.
You shrug off the repeated paralysis!
You closely miss Grinder.
Grinder is moderately wounded.
Grinder gestures at you. Pain shoots through your body!
* * * LOW HITPOINT WARNING * * *
Grinder hits you.
You die...

#############
#.#####......#....#
#.##............#.#
#.##............#.#
#5##....(........<#
#.##............###
#.##..............#
#.##..<.........#.#
#..@5..........##.# ###
##############.# # #.. ..#
#.# . #.###########.# #.#
..### #...........#.# #.#
....##....†......#.####.##.#
#..+...........'........>#
#............#.####.####
##.###########.# #.#


You could see Grinder.

Vanquished Creatures
  Natasha (D:2)
  2 adders (D:2)
  A worm (D:2)
  4 dart slugs
  4 ball pythons
  2 bats
  2 endoplasms
  6 goblins (D:2)
  4 hobgoblins
  A quokka (D:2)
  2 kobolds
  3 rats
32 creatures vanquished.

Notes
Turn   | Place    | Note
-------+----------+-------------------------------------------
     0 | D:1      | ImHallYall the Demigod Fighter began the quest for the Orb.
     0 | D:1      | Reached XP level 1. HP: 18/18 MP: 3/3
   494 | D:1      | Reached XP level 2. HP: 25/25 MP: 4/4
  1217 | D:2      | Reached XP level 3. HP: 31/31 MP: 5/5
  1499 | D:2      | Noticed Natasha
  1506 | D:2      | Killed Natasha
  1941 | D:2      | Reached XP level 4. HP: 38/38 MP: 6/6
  2380 | D:3      | Noticed Grinder
  2383 | D:3      | Paralysed by Grinder for 4 turns
  2402 | D:3      | Paralysed by Grinder for 3 turns
  2406 | D:3      | Slain by Grinder

Illustrated notes

Levels and vault maps discovered:
D:1:      wander_arrival_estate, layout_rooms, minmay_pentomino_r2
D:2:      layout_rooms, hellmonk_ecumenical_altar_heavens_door, basic_altar,
          minmay_misc_feat_ornament, uniq_natasha
D:3:      layout_basic, grunt_decor_mini_mirrors, uniq_grinder

Skill      XL: |  1  2  3 |
---------------+----------+-----
Armour         | 3 |  3.2
Fighting       | 3 |  3.0
Long Blades    | 2 |  2.6
Shields        | 3 |  3.4
Dodging        | |  0.4

Action                   |  1- 3 |  4- 6 || total
-------------------------+-------+-------++-------
Melee: Long sword        |    89 |    11 ||   100
  Use: Scroll            |     4 |       ||     4
Armor: Chain mail        |    26 |       ||    26
       Scale mail        |     7 |       ||     7
       Plate armour      |    64 |     4 ||    68
Dodge: Dodged            |    41 |     4 ||    45
Block: Buckler           |    31 |       ||    31

Table legend: (Time is in decaauts)
 A = Elapsed time spent in this place.
 B = Non-inter-level travel time spent in this place.
 C = Inter-level travel time spent in this place.
 D = Time resting spent in this place.
 E = Time spent auto-exploring this place.
 F = Levels seen in this place.
 G = Mean time per level.
                   A        B        C        D        E       F      G
               +--------+--------+--------+--------+--------+-----+--------+
         Total |   2440 |   2440 |      0 |    901 |    627 |   3 |  813.3 |
       Dungeon |   2440 |   2440 |      0 |    901 |    627 |   3 |  813.3 |
               +--------+--------+--------+--------+--------+-----+--------+

Top non-repeatable levels by time:
     D:2: 1383 daAuts
     D:1: 964 daAuts
     D:3: 92 daAuts
